[Event "*** Titled Tuesday Blitz"]
[Site "Chess.com"]
[Date "2020.05.05"]
[Round "5"]
[White "Pechen_Yeltsina"]
[Black "Zakaryan_David"]
[Result "1-0"]
[WhiteElo "2729"]
[BlackElo "2558"]
[TimeControl "180+1"]
[EndTime "10:57:24 PDT"]
[Termination "Pechen_Yeltsina won by checkmate"]

1. e4 c5 2. Nf3 d6 3. g3 Nc6 4. Bg2 g6 5. O-O Bg7 6. c3 Nf6 7. Re1 O-O 8. h3 e5 9. a3 a6 10. b4 c4 11. a4 Be6 12. Ng5 Qd7 13. Nxe6 Qxe6 14. d3 cxd3 15. Qxd3 Rfd8 16. Bg5 a5 17. b5 Ne7 18. Nd2 Rac8 19. Bf1 d5 20. Bxf6 Bxf6 21. Qf3 Bg7 22. exd5 Qxd5 23. Qxd5 Nxd5 24. Nc4 e4 25.
Rxe4 Bxc3 26. Ree1 Bxa1 27. Rxa1 b6 28. Ne5 Re8 29.
Nc6 Kg7 30. Bc4 Nc3 31. Ra3 Ne2+ 32. Bxe2 Rxe2 33. Rd3 Re6 34. Rd7 Rexc6 35. bxc6 Rxc6 36. Rb7 Kf6 37. Kg2 h5 38. h4 Kg7 39. Kf3 Kf6 40. Ke3 Kg7 41. Kf3 Rc3+ 42. Ke2 Rb3 43. Ke1 Rb4 44.
Ke2 Kf6 45. Ke3 Ke6 46. f3 Kd6 47. Rxf7 Rxa4 48. Rf6+ Kc7 49. Rxg6 b5 50. Rg7+ Kc6 51. Rg6+ Kc5 52. f4 b4 53. f5 b3 54. f6 b2 55. f7 Ra3+ 56. Ke2 b1=Q 57. f8=Q+ Kc4 58.
Rc6+ Kd5 59. Qc5+ Ke4 60. Re6# 1-0

[Event "*** Titled Tuesday Blitz"]
[Site "Chess.com"]
[Date "2020.05.05"]
[Round "5"]
[White "IsikCan"]
[Black "Frogo47"]
[Result "1-0"]
[WhiteElo "2622"]
[BlackElo "2419"]
[TimeControl "180+1"]
[EndTime "10:57:24 PDT"]
[Termination "IsikCan won by checkmate"]

1. e4 e5 2. Nf3 Nc6 3. Bb5 a6 4. Bxc6 dxc6 5. O-O Qf6 6. d4 exd4 7. Bg5 Qd6 8. Nxd4 Be7 9. Bxe7 Nxe7 10. Nc3 Bd7 11. Nb3 O-O-O 12. Qf3 Qg6 13. Nc5 Bg4 14. Qe3 Rhe8 15. f3 Be6 16. Nxe6 Qxe6 17. Qa7 Rd2 18. Rad1 Rd6 19. Rxd6 cxd6 20. Qa8+ Kd7 21. Qxb7+ Kd8 22. Rd1 Qe5 23. Qxa6 Qc5+ 24. Kh1 Kc7 25. a4 Rb8 26. Qd3 Rxb2 27. a5 Rb4 28. a6 Nc8 29. Ne2 Qc4 30. Qd2 Ra4 31. Nd4 Rxa6 32. h3 g6 33. Qf4 Ra2 34.
Qf6 c5 35. Nc6 Kxc6 36. Qd8 Kb7 37. Rb1+ Ka6 38. Qxc8+ Ka5 39. Qc7+ Ka4 40. Qa7+ Qa6 41. Qxa6# 1-0

[Event "*** Titled Tuesday Blitz"]
[Site "Chess.com"]
[Date "2020.05.05"]
[Round "5"]
[White "talaicito"]
[Black "Kopytkin"]
[Result "1-0"]
[WhiteElo "2202"]
[BlackElo "2343"]
[TimeControl "180+1"]
[EndTime "10:57:24 PDT"]
[Termination "talaicito won on time"]

1. d4 d5 2. Bf4 c5 3. e3 Nc6 4. Nc3 cxd4 5. exd4 Nf6 6. Nb5 e5 7. Bxe5 Nxe5 8. dxe5 Ne4 9. Qxd5 Bf5 10. Qxd8+ Rxd8 11. g4 Bg6 12. f4 f5 13. gxf5 Bxf5 14. Nf3 a6 15.
Nbd4 g6 16. Bd3 Bb4+ 17. c3 Nxc3 18. Bxf5 gxf5 19. Ne6 Ne4+ 20. Ke2 Rc8 21. Rac1 Ke7 22. Neg5 h6 23. Nxe4 fxe4 24. Nh4 Rhd8 25. f5 Rd2+ 26. Ke3 Rxc1 27. Rxc1 Rxh2 28. Rc7+ Kd8 29. Rxb7 Bc5+ 30. Kxe4 Rxh4+ 31. Kd5 Bf8 32. Rb8+ Ke7 33. f6+ Kf7 34. e6+ Kxf6 35. Rxf8+ Ke7 36. Rf7+ Ke8 37. Ra7 a5 38. Kd6 Rd4+ 39. Ke5 Rg4 40. Kf6 Rf4+ 41. Kg6 Re4 42. Ra6 a4 43. Kxh6 Ke7 44. Kg5 Rxe6 45. Rxa4 Kd6 46. Ra6+ 1-0

[Event "*** Titled Tuesday Blitz"]
[Site "Chess.com"]
[Date "2020.05.05"]
[Round "5"]
[White "tioloko"]
[Black "AryanTari"]
[Result "0-1"]
[WhiteElo "2623"]
[BlackElo "2876"]
[TimeControl "180+1"]
[EndTime "10:57:25 PDT"]
[Termination "AryanTari won by resignation"]

1. e4 e5 2. Nf3 Nc6 3. Bb5 a6 4. Ba4 Nf6 5. O-O Be7 6. Re1 b5 7.
Bb3 d6 8. c3 O-O 9. h3 Bb7 10. d4 Nd7 11. Nbd2 exd4 12. cxd4 Bf6 13. Nf1 Na5 14. Bc2 Re8 15. Ng3 g6 16. Rb1 c5 17. d5 Nc4 18. b3 Ncb6 19. Nh2 Bc3 20. Bd2 Bxd2 21. Qxd2 h5 22. Qh6 Qf6 23. Nf3 Qg7 24.
Qd2 a5 25. Nh4 Qf6 26. Nf3 a4 27. bxa4 b4 28. Qh6 Qg7 29. Qf4 Qf6 30. Qh6 Nxa4 31. e5 Qg7 32. Qxg7+ Kxg7 33. Bxa4 Rxa4 34. exd6 Rxe1+ 35. Rxe1 Rxa2 36. Re7 b3 37. Rxd7 Bxd5 38. Nf1 Ra1 39. Nd2 c4 40. Rc7 Be6 41. Nxc4 Bxc4 42.
Rxc4 b2 43. d7 b1=Q 44. d8=Q Qxf1+ 45. Kh2 Qxc4 46. Qb8 Qd4 0-1

[Event "*** Titled Tuesday Blitz"]
[Site "Chess.com"]
[Date "2020.05.05"]
[Round "5"]
[White "DrVelja"]
[Black "hansen"]
[Result "0-1"]
[WhiteElo "2639"]
[BlackElo "2943"]
[TimeControl "180+1"]
[EndTime "10:57:26 PDT"]
[Termination "hansen won by resignation"]

1. e4 e5 2. Nf3 Nc6 3. Bb5 a6 4. Ba4 Nf6 5. O-O Be7 6. d3 d6 7.
c3 O-O 8. Nbd2 Nd7 9. Re1 Nb6 10. Bb3 Kh8 11. d4 exd4 12. Nxd4 Bf6 13. Nf1 a5 14. Ng3 Kg8 15. a4 g6 16. Bh6 Re8 17. Qd2 Bd7 18.
Qf4 Ne5 19. Red1 Ng4 20. Nf3 Nxh6 21. Qxh6 Qe7 22. h4 Bg7 23. Qe3 Bg4 24. Re1 h6 25. h5 g5 26. Nd4 Qe5 27. Ndf5 Bxf5 28. Nxf5 Nd7 29. Rad1 Nc5 30. Bc2 Qf6 31. Qf3 Re5 32. Qg4 Rae8 33. Ng3 d5 34. Re3 Qf4 35. Qe2 dxe4 36.
Qc4 b6 37. Rde1 Kh8 38. Nxe4 f5 39. Nd2 Rxe3 40. Rxe3 Rxe3 41. fxe3 Qxe3+ 42. Kf1 Qxd2 0-1

[Event "*** Titled Tuesday Blitz"]
[Site "Chess.com"]
[Date "2020.05.05"]
[Round "5"]
[White "anon132639"]
[Black "Msb2"]
[Result "1-0"]
[WhiteElo "2645"]
[BlackElo "2903"]
[TimeControl "180+1"]
[EndTime "10:57:26 PDT"]
[Termination "anon132639 won by checkmate"]

1. d4 Nf6 2. Nf3 d5 3. Bf4 c5 4.
e3 Nc6 5. Nbd2 cxd4 6. exd4 Qb6 7. Nb3 Bf5 8. c3 e6 9. Bd3 Bxd3 10. Qxd3 a5 11. Rb1 a4 12. Nbd2 Be7 13. O-O O-O 14. h3 Qa6 15. Ne1 a3 16. b4 Qxd3 17. Nxd3 b6 18. Rfc1 Rfc8 19. f3 Nd7 20. Rb3 f6 21. Re1 Kf7 22. Nb1 Bf8 23. Re2 Ra7 24. Rxa3 Rca8 25.
Rxa7 Rxa7 26. a3 Ra8 27. Kf1 Na7 28. Nb2 Nc6 29. Nd3 b5 30. Ke1 Nb6 31. Nb2 Nc4 32. Nxc4 dxc4 33. Kd1 Ne7 34. Kc2 Nd5 35. Bg3 g5 36.
Kb2 h5 37. Nd2 f5 38. Be5 Be7 39. Nf1 f4 40. g3 Rg8 41. Nd2 Bf6 42. Bxf6 Kxf6 43.
Ne4+ Ke7 44. g4 hxg4 45. hxg4 Rh8 46. Nxg5 Ne3 47. a4 bxa4 48. Ka3 Kd7 49. Ne4 Kc6 50. Nc5 Kb5 51. Nxe6 Rh1 52. Nxf4 Nd1 53. Re5+ Ka6 54. Nd5 Rh2 55. Re6+ Kb7 56. Kxa4 Rf2 57. f4 Rg2 58. g5 Nf2 59. Kb5 Nd3 60. Kxc4 Nb2+ 61. Kb5 Kc8 62. Re7 Kd8 63. c4 Nd1 64. Rf7 Rg3 65. c5 Nb2 66. Kc6 Ra3 67. Rf8# 1-0

[Event "*** Titled Tuesday Blitz"]
[Site "Chess.com"]
[Date "2020.05.05"]
[Round "5"]
[White "DanielMieles1985"]
[Black "KaterinaMiroshnik"]
[Result "0-1"]
[WhiteElo "2637"]
[BlackElo "2445"]
[TimeControl "180+1"]
[EndTime "10:57:26 PDT"]
[Termination "KaterinaMiroshnik won on time"]

1. c4 d6 2. Nc3 Nd7 3. g3 e5 4. Bg2 Ngf6 5. e3 c6 6. Nge2 Be7 7. O-O O-O 8. Rb1 a5 9. a3 Nc5 10. b4 axb4 11. axb4 Nd3 12. Qc2 Nxc1 13. Rfxc1 Be6 14. d3 Nd7 15. b5 Qc7 16. h3 f5 17. Kh2 Ra3 18.
Qb2 Rfa8 19. bxc6 bxc6 20. Qb7 Qxb7 21. Rxb7 R3a6 22. Nd5 cxd5 23. cxd5 Bf7 24. Rxd7 R6a7 25. Rcc7 Rxc7 26. Rxc7 Kf8 27. Rc2 g6 28. e4 Kg7 29.
h4 Ra3 30. Nc3 Rb3 31. Bh3 Kf6 32. Kg2 Bd8 33. Kf1 Ba5 34. Nd1 Rxd3 35. Ke2 Rd4 36. exf5 gxf5 37. Ne3 Bh5+ 38. f3 e4 39. g4 exf3+ 40.
Kxf3 fxg4+ 41. Bxg4 Bg6 42. Rc6 Bb4 43. h5 Be4+ 44.
Kf2 Bc5 45. Be6 Rd2+ 0-1

[Event "*** Titled Tuesday Blitz"]
[Site "Chess.com"]
[Date "2020.05.05"]
[Round "5"]
[White "51616516516"]
[Black "Djager97"]
[Result "0-1"]
[WhiteElo "2292"]
[BlackElo "2473"]
[TimeControl "180+1"]
[EndTime "10:57:26 PDT"]
[Termination "Djager97 won on time"]

1. d4 d5 2. c4 e6 3. Nc3 c6 4. e4 Bb4 5. cxd5 exd5 6. e5 Ne7 7. Bd3 c5 8. Nf3 Nbc6 9. O-O cxd4 10. Nb5 O-O 11.
Nbxd4 Bc5 12. Bxh7+ Kxh7 13. Ng5+ Kg6 14. Qc2+ Nf5 15.
Nxf5 Bxf5 16. Qxc5 Rc8 17. Qe3 f6 18. exf6 gxf6 19.
Nf3 Kf7 20. Nh4 Be4 21. f3 Bh7 22. Qh6 Kg8 23. Bf4 Rf7 24. Rfe1 Qf8 25. Qh5 d4 26. Nf5 Bxf5 27. Qxf5 Rd8 28. Rad1 Qg7 29. Re4 Qh7 30. Qg4+ Rg7 31. Qe6+ Rf7 32. Bg3 Kf8 33. Rh4 Qc2 34.
Rh8+ Kg7 35. Qg4+ Kxh8 36. Re1 d3 37. Qh5+ Rh7 38. Qf7 Rxf7 0-1

[Event "*** Titled Tuesday Blitz"]
[Site "Chess.com"]
[Date "2020.05.05"]
[Round "5"]
[White "Gulkov_Igor"]
[Black "Harry_Rakkel"]
[Result "0-1"]
[WhiteElo "2401"]
[BlackElo "2632"]
[TimeControl "180+1"]
[EndTime "10:57:27 PDT"]
[Termination "Harry_Rakkel won by resignation"]

1. Nf3 d5 2. d4 Nf6 3. c4 e6 4. Nc3 Nbd7 5. Bg5 Be7 6. e3 O-O 7. Rc1 a6 8. cxd5 exd5 9. Bd3 Re8 10. Qc2 c6 11. O-O Nf8 12. Rce1 g6 13. Ne5 Ng4 14. Bxe7 Qxe7 15. Nxg4 Bxg4 16. f4 f6 17. f5 g5 18.
e4 Qb4 19. Qf2 dxe4 20. Nxe4 Nd7 21. Ng3 h5 22. a3 Qb3 23. Qd2 h4 24. Ne4 h3 25.
Nxg5 hxg2 26. Qxg2 Qxd3 27. Qxg4 fxg5 28. Qxg5+ Kf8 29.
Qh6+ Kf7 30. Qh7+ Kf8 31. Qh6+ Kf7 32. Qh7+ Kf8 33. Qxd7 Rad8 34. Qh7 Qxd4+ 35. Kg2 Qd5+ 36. Kg1 Qd4+ 37. Kg2 Qxb2+ 38. Kg1 Qg7+ 39. Qxg7+ Kxg7 40. Kf2 Kf6 41. Rxe8 Rxe8 42. Kg3 Re3+ 43. Kg4 Rxa3 44. Re1 Ra4+ 0-1

[Event "*** Titled Tuesday Blitz"]
[Site "Chess.com"]
[Date "2020.05.05"]
[Round "5"]
[White "PotapovaM"]
[Black "putra48"]
[Result "0-1"]
[WhiteElo "2381"]
[BlackElo "2622"]
[TimeControl "180+1"]
[EndTime "10:57:27 PDT"]
[Termination "putra48 won by resignation"]

1. d4 d5 2. c4 e6 3. Nf3 Nf6 4. g3 Be7 5. Bg2 O-O 6. O-O dxc4 7. Ne5 c5 8. dxc5 Qc7 9. Nxc4 Qxc5 10. Nba3 Rd8 11.
Qc2 Nc6 12. Be3 Nd4 13. Qd2 Ng4 14. Rac1 Qh5 15. h3 Nxe3 16. Qxe3 Nxe2+ 17. Kh2 Nxc1 18. Rxc1 Bd7 19. Bxb7 Rab8 20. Bg2 Bc5 21. Qf4 Be8 22. Rc2 Qd1 23. Bf3 Qd4 24. Qg5 h6 25. Qc1 Qf6 26.
Kg2 Rd3 27. Nd2 Bc6 28. Rxc5 Bxf3+ 29. Kg1 Rbd8 30. Rc8 Rxd2 31. Rxd8+ Rxd8 32. Nc4 Rd1+ 33. Qxd1 Bxd1 34. Ne3 Bf3 35. h4 Qxb2 0-1

[Event "*** Titled Tuesday Blitz"]
[Site "Chess.com"]
[Date "2020.05.05"]
[Round "5"]
[White "narutosmith"]
[Black "Baronessa08"]
[Result "0-1"]
[WhiteElo "2274"]
[BlackElo "2475"]
[TimeControl "180+1"]
[EndTime "10:57:27 PDT"]
[Termination "Baronessa08 won on time"]

1. c4 c5 2. Nc3 Nc6 3. g3 g6 4. Bg2 Bg7 5. a3 d6 6. Rb1 a5 7. e3 e6 8. Nge2 Nge7 9. O-O O-O 10. d4 cxd4 11. Nxd4 Nf5 12. Nxc6 bxc6 13. Bxc6 Rb8 14. Be4 Bxc3 15. bxc3 Rxb1 16. Bxb1 Bb7 17. e4 Ng7 18.
Bh6 Qc7 19. Bd3 Rd8 20. Qd2 Qc6 21. Qg5 Rc8 22. Qxa5 Nf5 23. Bg5 h6 24. Bd2 h5 25.
Rb1 Ne7 26. Qa7 Rc7 27. Rb6 Qd7 28. Qa5 d5 29. cxd5 exd5 30. Bb5 Qg4 31. Bf1 dxe4 32. Be3 Qd7 33. Qb4 Nd5 34. Qd4 Nxb6 35. Qxb6 Rxc3 36. Qb4 Rc8 37. Qb6 Qc6 38. Qb4 Qd5 39. Qe7 Kh7 40. Qf6 Qe6 41. Qf4 Kg8 42. Qh6 Rd8 43.
Bg5 Rd1 0-1

[Event "*** Titled Tuesday Blitz"]
[Site "Chess.com"]
[Date "2020.05.05"]
[Round "5"]
[White "1f3_2g41-0"]
[Black "BelaKis"]
[Result "1-0"]
[WhiteElo "2296"]
[BlackElo "2054"]
[TimeControl "180+1"]
[EndTime "10:57:27 PDT"]
[Termination "1f3_2g41-0 won by resignation"]

1. e4 g6 2. d4 Bg7 3. Nf3 c5 4. c3 cxd4 5. cxd4 d6 6. Nc3 Nf6 7. Be2 O-O 8. O-O Nc6 9. Be3 Bd7 10. h3 a6 11. a4 Rc8 12. e5 Ne8 13. Bf4 dxe5 14.
dxe5 Nc7 15. Qb3 Na5 16. Qb4 Ne6 17. Nd5 Nxf4 18. Qxf4 e6 19. Nf6+ Kh8 20. Rfd1 Rc7 21.
Rd6 Qe7 22. Rad1 Bc8 23. b4 Nc6 24. b5 Nb8 25. b6 Rc6 26. Ng5 h6 27. Nge4 Rc2 28.
Bd3 Ra2 29. Nc3 Rb2 30. Nce4 Nc6 31. a5 Nxa5 32. Qc1 Rb3 33. Qc2 Rxd3 34. Qxd3 Nc6 35. Nc5 Nxe5 36. Qe3 Qxf6 37. Ne4 Qe7 38. Nc5 Nc6 39.
Rd7 Bxd7 40. Rxd7 Qf6 41. Rxb7 Qa1+ 42. Kh2 Kg8 43. g3 Bd4 44. Qf3 Bxc5 45. Qxc6 Bxf2 46.
Qg2 Bd4 47. Qd2 Kg7 48. Qg2 Rd8 49. h4 h5 50. Kh3 Be5 51. Qf3 Rd1 52. Qxf7+ 1-0

[Event "*** Titled Tuesday Blitz"]
[Site "Chess.com"]
[Date "2020.05.05"]
[Round "5"]
[White "kingofkolkata"]
[Black "Nellichka"]
[Result "0-1"]
[WhiteElo "2193"]
[BlackElo "2088"]
[TimeControl "180+1"]
[EndTime "10:57:27 PDT"]
[Termination "Nellichka won on time"]

1. d4 Nf6 2. c4 c5 3. Nf3 cxd4 4. Nxd4 e5 5. Nf3 Nc6 6. g3 Bc5 7. Bg2 O-O 8. O-O d6 9. Nc3 Be6 10. b3 Ng4 11. h3 Nf6 12. Bg5 h6 13. Bxf6 Qxf6 14.
Ne4 Qe7 15. Nxc5 dxc5 16. Qc2 f5 17. Rad1 e4 18. Nh4 Rf6 19. Bh1 Nd4 20. Qb2 g5 21.
Ng2 f4 22. Ne1 Bxh3 23. Bg2 Bxg2 24. Kxg2 f3+ 25. exf3 exf3+ 26. Kg1 Qd7 27. Rxd4 cxd4 28. Kh2 Re8 29. Nd3 Re2 30. Qa3 Qf5 31. Nc5 g4 32. Qa5 b6 33. Qxa7 bxc5 34. a4 Qh5+ 35. Kg1 Rf8 36. Qd7 Re5 37. Qd6 Qh3 38. Qg6+ Kh8 0-1

[Event "*** Titled Tuesday Blitz"]
[Site "Chess.com"]
[Date "2020.05.05"]
[Round "5"]
[White "Zkid"]
[Black "Hikaru"]
[Result "1-0"]
[WhiteElo "2831"]
[BlackElo "3154"]
[TimeControl "180+1"]
[EndTime "10:57:28 PDT"]
[Termination "Zkid won on time"]

1. e4 c6 2. d4 d5 3. exd5 Qxd5 4. c4 Qa5+ 5. Nc3 Nf6 6. Nf3 Bf5 7. Bd3 Bxd3 8.
Qxd3 e6 9. O-O Bb4 10. d5 cxd5 11. cxd5 Bxc3 12. dxe6 Bb4 13. exf7+ Kf8 14. a3 Be7 15. Ng5 h6 16. Ne6+ Kxf7 17. Nf4 Nbd7 18. Qb3+ Ke8 19. Ng6 Rf8 20. Nxf8 Kxf8 21. Qxb7 Rb8 22.
Qc6 Ne5 23. Qe6 Rb6 24. Qc8+ Kf7 25. Qc2 Qb5 26. Bf4 Nd3 27. Be3 Rc6 28. Qe2 Qf5 29. Bxa7 Re6 30. Qf3 Qxf3 31. gxf3 Nxb2 32. Rfe1 Ra6 33.
Bd4 Nc4 34. Rac1 Ra4 35. Bxf6 Kxf6 36. Re4 Nb2 37. Rxa4 Nxa4 38. Rc4 Nb2 39. Rf4+ Ke6 40. a4 Bd8 41. Rb4 Bf6 42. a5 Bc3 43. Rb6+ Kd7 44. a6 Nc4 45. Rb3 Bd4 46. Rd3 1-0

[Event "*** Titled Tuesday Blitz"]
[Site "Chess.com"]
[Date "2020.05.05"]
[Round "5"]
[White "MPGM"]
[Black "ChessQueen"]
[Result "1-0"]
[WhiteElo "2514"]
[BlackElo "2691"]
[TimeControl "180+1"]
[EndTime "10:57:29 PDT"]
[Termination "MPGM won by resignation"]

1. d4 Nf6 2. Bg5 d5 3. e3 c5 4.
Nd2 cxd4 5. exd4 Nc6 6. c3 g6 7. Bd3 Bg7 8. Ngf3 O-O 9. O-O Qd6 10. Re1 Bg4 11. h3 Bf5 12. Qc2 Bxd3 13. Qxd3 Rae8 14.
Ne5 Nd7 15. Nxd7 Qxd7 16. Bf4 f6 17. Bg3 e5 18. dxe5 fxe5 19. Rad1 Qf7 20. Nf1 d4 21. cxd4 exd4 22. b3 Nb4 23. Qd2 Nd5 24. Rxe8 Rxe8 25. Re1 Nc3 26. Rxe8+ Qxe8 27. Bf4 Qe2 28. a4 d3 29. Ng3 Qxd2 30. Bxd2 Nd5 31. Ne4 Bd4 32. Kf1 Kf7 33. f3 h5 34. Nf2 Bxf2 35. Kxf2 Ke6 36. g4 h4 37. f4 b6 38. Kf3 Nc7 39. Ke4 Na6 40. Kxd3 Nc5+ 41. Kc4 Ne4 42. Be1 g5 43. fxg5 Nxg5 44. Bxh4 Nxh3 45. Kb5 Nf4 46. Ka6 Nd3 47. Kxa7 1-0

[Event "*** Titled Tuesday Blitz"]
[Site "Chess.com"]
[Date "2020.05.05"]
[Round "5"]
[White "El_ultimo_Pablo"]
[Black "icychess54"]
[Result "0-1"]
[WhiteElo "2455"]
[BlackElo "2298"]
[TimeControl "180+1"]
[EndTime "10:57:29 PDT"]
[Termination "icychess54 won on time"]

1. d4 d5 2. c4 c6 3. Nf3 Nf6 4. Nc3 e6 5. Bg5 Nbd7 6. e3 Qa5 7. Rc1 Ne4 8. Bh4 Bb4 9. Qc2 Qxa2 10. Bd3 Bxc3+ 11.
bxc3 Qxc2 12. Rxc2 O-O 13. Bxe4 dxe4 14. Nd2 f5 15. Ke2 b6 16. Ra1 a5 17. Rb2 Ba6 18. Bg3 Rfc8 19. Kd1 Kf7 20. Kc1 Ke7 21. h4 h5 22. f3 exf3 23. gxf3 Ra7 24. Bf4 Rb7 25. Kc2 Ra7 26. c5 bxc5 27. c4 cxd4 28. exd4 c5 29. Rxa5 cxd4 30. Rba2 Rc6 31. Kd1 Kf6 32. Bg5+ Kf7 33.
Bf4 g6 34. c5 e5 35. Bg3 Ke6 36. Be1 Nxc5 37. Ra1 Nd3 38. f4 Nxe1 39. Kxe1 e4 40. Kd1 e3 41. Nb3 Rd6 42. Nc1 d3 43. Na2 d2 0-1

[Event "*** Titled Tuesday Blitz"]
[Site "Chess.com"]
[Date "2020.05.05"]
[Round "5"]
[White "mshuaau0"]
[Black "petroniy_arbitr"]
[Result "1-0"]
[WhiteElo "2124"]
[BlackElo "2298"]
[TimeControl "180+1"]
[EndTime "10:57:29 PDT"]
[Termination "mshuaau0 won by resignation"]

1. e4 e6 2. Nf3 d5 3. Nc3 c5 4. exd5 exd5 5. Bb5+ Nc6 6. d4 Nf6 7. O-O Be6 8. Ng5 Qd7 9. Nxe6 fxe6 10. dxc5 Bxc5 11. Bg5 O-O 12. Bxf6 gxf6 13. Re1 Rae8 14. Qg4+ Kh8 15. Rad1 Rg8 16. Qh3 Qg7 17. Rd3 Ne5 18. Rg3 Qf7 19. Bxe8 Rxe8 20. Na4 Bd6 21. Rge3 b5 22. Nc3 a6 23. Ne2 Bc5 24. Rg3 Qa7 25. Rf1 Qf7 26. c3 Ng6 27. Qg4 Ne5 28. Qh4 Ng6 29.
Qh3 e5 30. Kh1 f5 31. f4 e4 32. Nd4 Bxd4 33. cxd4 Rc8 34. Rg5 Ne7 35. Qh5 Qf6 36. g4 fxg4 37. Re5 Ng6 38. Qf5 Qxf5 39.
Rxf5 Rc2 40. Rxd5 Rxb2 41. f5 Ne7 42. Rd8+ Kg7 43. f6+ Kf7 44. fxe7+ Kxe7 45. Ra8 1-0

[Event "*** Titled Tuesday Blitz"]
[Site "Chess.com"]
[Date "2020.05.05"]
[Round "5"]
[White "kleinebeer98"]
[Black "DrBergerBerger"]
[Result "1/2-1/2"]
[WhiteElo "2684"]
[BlackElo "2494"]
[TimeControl "180+1"]
[EndTime "10:57:30 PDT"]
[Termination "Game drawn by repetition"]

1. e4 e6 2. d4 d5 3. Nc3 Nf6 4. Bg5 dxe4 5. Nxe4 Nbd7 6. Nf3 Be7 7. Nxf6+ Bxf6 8. h4 O-O 9. Bd3 c5 10. Qe2 cxd4 11.
O-O-O Nc5 12. Ne5 Nxd3+ 13. Rxd3 Bxg5+ 14. hxg5 Qxg5+ 15. Kb1 f6 16. Rh5 Qxg2 17. Rg3 Qxg3 18.
fxg3 fxe5 19. a3 Bd7 20. Qxe5 Rad8 21. Rg5 g6 22. Qxd4 Bc6 23. Qe3 Rd1+ 24. Ka2 Bd5+ 25. b3 Rff1 26. Qxa7 Rd2 27. Qb8+ Kf7 28. Qc7+ Kg8 29.
Qc8+ Kf7 30. Qc7+ Kg8 31. Rxd5 exd5 32. Qc8+ Kg7 33. Qxb7+ Rf7 34. Qc6 d4 35. Kb2 Rff2 36.
b4 d3 37. Qc3+ Kh6 38. Kb3 dxc2 39. Qe3+ g5 40. Qe6+ Kh5 41. Qh3+ Kg6 42. Qe6+ Kh5 43. Qh3+ Kg6 44. Qe6+ Kh5 1/2-1/2

[Event "*** Titled Tuesday Blitz"]
[Site "Chess.com"]
[Date "2020.05.05"]
[Round "5"]
[White "korbul"]
[Black "albano87"]
[Result "0-1"]
[WhiteElo "2546"]
[BlackElo "2410"]
[TimeControl "180+1"]
[EndTime "10:57:30 PDT"]
[Termination "albano87 won by checkmate"]

1. d4 d5 2. c4 c6 3. Nf3 Nf6 4. e3 e6 5. Nc3 Nbd7 6. Be2 dxc4 7. a4 Be7 8. O-O O-O 9. Bxc4 Qc7 10. Qe2 e5 11. e4 exd4 12. Nxd4 Ne5 13. Ba2 Rd8 14. Nf5 Bxf5 15. exf5 Nd3 16. Bg5 h6 17. Be3 Qe5 18.
Rad1 Nb4 19. Bb1 Bc5 20. Bxc5 Qxc5 21. h3 Re8 22. Qf3 Re5 23. Rfe1 Rae8 24. Rxe5 Rxe5 25. Qf4 Qe7 26. Qd2 Nbd5 27. f4 Re3 28. Nxd5 Nxd5 29. Qf2 Re2 30. Qg3 Rxb2 31. Re1 Qc5+ 32. Kh2 Nf6 33.
Bd3 Kh7 34. Qe3 Qb4 35. Rf1 Rd2 36. Bb1 Qb2 37. Qg3 Nh5 38. f6+ g6 39. Qg4 Nxf6 40. Qf3 Kg7 41. f5 g5 42. Qg3 Nh5 43. f6+ Nxf6 44. Qf3 Qe5+ 45. Kh1 Re2 46. Bd3 Re1 47. Rxe1 Qxe1+ 48. Kh2 Qe5+ 49. g3 Nd5 50. Be4 Qb2+ 51. Kg1 Qc1+ 52. Kg2 Qd2+ 53. Kf1 Ne3+ 54. Kg1 Qe1+ 55.
Kh2 Nf1+ 56. Kg2 Ne3+ 57. Qxe3 Qxe3 58. Bf3 Qd2+ 59. Kf1 Qc1+ 60. Kg2 Qb2+ 61. Kf1 Qa3 62. Kf2 Qxa4 63. Ke3 Qa2 64. h4 Qa3+ 65. Ke4 b5 66.
Kf5 b4 67. Kg4 b3 68. Be4 b2 69.
hxg5 b1=Q 70. gxh6+ Kxh6 71. Kf5 Qab4 72. g4 Q1xe4+ 73.
Kf6 Qe6# 0-1

[Event "*** Titled Tuesday Blitz"]
[Site "Chess.com"]
[Date "2020.05.05"]
[Round "5"]
[White "11kevin"]
[Black "Xeslu"]
[Result "1-0"]
[WhiteElo "2525"]
[BlackElo "2365"]
[TimeControl "180+1"]
[EndTime "10:57:30 PDT"]
[Termination "11kevin won on time"]

1. Nf3 d5 2. c4 c6 3. d4 Nf6 4.
Qc2 dxc4 5. Qxc4 Bf5 6. g3 e6 7. Bg2 Nbd7 8. O-O Be7 9. e3 h6 10. Nc3 Bc2 11. Ne5 Nb6 12. Qe2 Bh7 13. Rd1 O-O 14. e4 Nfd7 15. Nd3 a5 16. a4 Qc7 17. Bf4 Bd6 18. e5 Bb4 19. Rac1 Qd8 20. Nc5 Rb8 21. N3e4 Nd5 22. Bd2 Qe7 23. Nd6 Nxc5 24. dxc5 Bxd2 25. Qxd2 Ra8 26. Bxd5 exd5 27. Re1 Rfd8 28. f4 f6 29. e6 Bg6 30. f5 Be8 31. b4 Rdb8 32. b5 b6 33.
Nxe8 Qxe8 34. cxb6 Rxb6 35. Qd4 Rab8 36. e7 cxb5 37.
Qxd5+ Kh8 38. axb5 Rxb5 39. Rc5 Rb2 40. Rc7 Kh7 41. Qc6 Qh5 42. Qh1 Re8 43. Rc4 Re2 44. Re4 Rxe4 45. Qxe4 Qf7 46. Kg2 a4 47. g4 a3 48. h4 a2 49. g5 fxg5 50. hxg5 1-0

[Event "*** Titled Tuesday Blitz"]
[Site "Chess.com"]
[Date "2020.05.05"]
[Round "5"]
[White "RobPeresian"]
[Black "Azoulas1"]
[Result "1-0"]
[WhiteElo "2284"]
[BlackElo "1903"]
[TimeControl "180+1"]
[EndTime "10:57:30 PDT"]
[Termination "RobPeresian won on time"]

1. e4 c5 2. Nf3 e6 3. c4 Nc6 4. Nc3 d6 5. d4 cxd4 6. Nxd4 Nf6 7. Be3 Be7 8. Be2 Qc7 9. Rc1 a6 10. O-O O-O 11. Nd5 exd5 12. cxd5 Bd7 13. f3 Rab8 14.
Qd2 Bd8 15. dxc6 bxc6 16. b4 Qb7 17. a3 Bc7 18. Rfd1 d5 19. Nb3 Bb6 20. Nc5 Bxc5 21.
Bxc5 Rfe8 22. exd5 Nxd5 23. Bd3 Qc7 24. Re1 Nf4 25. Be4 Be6 26. Qd6 Qxd6 27. Bxd6 Nd5 28. Bxb8 Rxb8 29. Rxc6 g6 30. Rxa6 Nc3 31. Kf2 Bc4 32.
Rc6 Nxe4+ 33. fxe4 Bb5 34. Rc5 Ba4 35. e5 h5 36. e6 fxe6 37. Rxe6 Rf8+ 38. Kg3 Kh7 39. Ra5 Bb3 40. Rd6 Bc4 41. Rc5 Bb3 42. Rc7+ Kh6 43. h4 1-0

[Event "*** Titled Tuesday Blitz"]
[Site "Chess.com"]
[Date "2020.05.05"]
[Round "5"]
[White "bait_or_mate"]
[Black "Onischuk_V"]
[Result "0-1"]
[WhiteElo "2522"]
[BlackElo "2748"]
[TimeControl "180+1"]
[EndTime "10:57:31 PDT"]
[Termination "Onischuk_V won by resignation"]

1. d4 d6 2. e4 Nf6 3. Nc3 g6 4. h3 Bg7 5. Be3 O-O 6. g4 e5 7. Bg2 exd4 8. Bxd4 Nc6 9. Be3 Re8 10. Nge2 Ne5 11. O-O Bd7 12. Ng3 Bc6 13. Bd4 Re7 14. f4 Ned7 15. g5 Ne8 16. h4 b5 17. h5 Qb8 18. Kh2 Bxd4 19. Qxd4 Qb6 20. Qd2 b4 21. Nce2 Ng7 22. h6 Ne6 23. Rae1 Rae8 24. f5 Nec5 25. fxg6 fxg6 26. Nf4 Ne5 27. Nd5 Bxd5 28. Qxd5+ Kh8 29.
Rf6 Ne6 30. Ref1 Qb8 31. Qd2 Ng4+ 32. Kh3 Nxf6 33. gxf6 Rf7 34. e5 dxe5 35. Ne4 Nf4+ 36. Rxf4 exf4 37. Qxf4 Qc8+ 38. Kh2 Qf5 39. Qd2 Qe5+ 40.
Kg1 Rxf6 41. Nxf6 Qxf6 42. Qd7 Re1+ 43. Kh2 Qf4+ 44. Kh3 Re3+ 0-1

[Event "*** Titled Tuesday Blitz"]
[Site "Chess.com"]
[Date "2020.05.05"]
[Round "5"]
[White "Angel_Hranitel_37"]
[Black "FedaMaster"]
[Result "0-1"]
[WhiteElo "2376"]
[BlackElo "2534"]
[TimeControl "180+1"]
[EndTime "10:57:32 PDT"]
[Termination "FedaMaster won by checkmate"]

1. d4 Nf6 2. Nf3 g6 3. g3 Bg7 4.
Bg2 O-O 5. O-O d5 6. Nc3 c6 7.
b3 Bf5 8. Bb2 Ne4 9. Nh4 Nxc3 10. Bxc3 Be6 11. Bb2 c5 12. Nf3 Nc6 13. Rb1 Qa5 14.
dxc5 Bxb2 15. Rxb2 Qxc5 16. Qd2 f6 17. c3 Bf7 18. Rd1 Rfd8 19. Rc2 Rac8 20. Qf4 Kg7 21. Rcc1 e5 22. Qh4 Rc7 23. g4 g5 24. Qg3 Bg6 25. h4 h6 26. hxg5 hxg5 27. Ne1 Rcd7 28. Nd3 Qe7 29. Nb4 Nxb4 30. cxb4 Qxb4 31. Qe3 Qxg4 32.
Qxa7 Qxe2 33. a4 Qg4 34. Kf1 Be4 35. Bxe4 Qxe4 36. Qb6 Qh1+ 37. Ke2 Qe4+ 38. Kf1 Kg6 39. Rc3 Qh1+ 40. Ke2 Qh5+ 41. f3 d4 42. Rcd3 Qh2+ 43. Ke1 Rh8 44. R1d2 Qg1+ 45. Ke2 Rh2# 0-1